 Dungeon Crawl Stone Soup version 0.28.0-53-g5a82cb258f (webtiles) character file.

Game seed: 9631424954540209350

1904 Zeld the Ogre Mage (level 9, -1/74 HPs)
             Began as an Ogre Fire Elementalist on May 24, 2022.
             Slain by a water moccasin zombie (5 damage)
             ... on level 6 of the Dungeon.
             The game lasted 00:09:05 (8576 turns).

Zeld the Ogre Mage (Ogre Fire Elementalist)         Turns: 8576, Time: 00:09:06

Health: -1/74      AC:  3    Str: 14    XL:     9   Next: 16%
Magic:  2/20       EV: 10    Int: 20    God:
Gold:   396        SH:  0    Dex:  9    Spells: 13/23 levels left

rFire   . . .      SeeInvis .   a - +2 dagger (venom)
rCold   . . .      Faith    .   (no shield)
rNeg    . . .      Spirit   .   n - +0 robe
rPois   .          Reflect  .   (helmet restricted)
rElec   .          Harm     .   (no cloak)
rCorr   .          Rampage  .   (gloves unavailable)
Will    .....                   (boots unavailable)
Stlth   +.........              (no amulet)
HPRegen 0.22/turn               (no ring)
MPRegen 0.17/turn               (no ring)

@: no status effects
A: large, unfitting armour, tough skin 1
a: no special abilities


You were on level 6 of the Dungeon.
You visited 1 branch of the dungeon, and saw 6 of its levels.

You collected 396 gold pieces.

Inventory:

Hand Weapons
 a - a +2 dagger of venom (weapon)
Armour
 n - a +0 robe (worn)
Jewellery
 i - a ring of protection from cold
Wands
 p - a wand of flame (16)
 s - a wand of polymorph (5)
 y - a wand of paralysis (2)
Scrolls
 b - 5 scrolls of identify {unknown}
 f - 2 scrolls of immolation {unknown}
 g - 4 scrolls of vulnerability {unknown}
 j - a scroll of enchant armour {unknown}
 l - a scroll of magic mapping {unknown}
 r - a scroll of amnesia {unknown}
 u - a scroll of noise {unknown}
 v - a scroll of fear {unknown}
 w - a scroll of brand weapon {unknown}
 x - 2 scrolls of teleportation {unknown}
Potions
 c - 2 potions of degeneration {unknown}
 d - 2 potions of curing
 e - 2 potions of might {unknown}
 h - 2 potions of mutation {unknown}
 k - a potion of flight {unknown}
 m - a potion of resistance {unknown}
 o - a potion of attraction {unknown}
 q - 2 potions of brilliance {unknown}
 t - 3 potions of ambrosia {unknown}


   Skills:
 + Level 4.5 Dodging
 - Level 1.4 Stealth
 * Level 7.7 Spellcasting
 + Level 4.3 Conjurations
 * Level 6.8 Fire Magic


You had 13 spell levels left.
You knew the following spells:

 Your Spells              Type           Power      Damage    Failure   Level
a - Foxfire               Conj/Fire      100%       2x1d9     1%          1
b - Scorch                Fire           68%        2d8       1%          2
c - Inner Flame           Hex/Fire       21%        N/A       7%          3
d - Flame Wave            Conj/Fire      29%        2d8       9%          4

Your spell library contained the following spells:

 Spells                   Type           Power      Damage    Failure   Level
 Conjure Flame            Conj/Fire      29%        6-21      2%          3
 Animate Skeleton         Necr           14%        N/A       9%          1
 Pain                     Necr           28%        1d5       9%          1
 Vampiric Draining        Necr           7%         2d6       26%         3
 Cause Fear               Hex            3%         N/A       65%         4
 Discord                  Hex            3%         N/A       100%        8


Dungeon Overview and Level Annotations

Branches:
Dungeon (6/15)
 Temple: D:4-7

Altars:
Fedhas
Vehumet

Shops:
D:1 (   D:5 (


Innate Abilities, Weirdness & Mutations

You are too large for most types of armour.
You have tough skin. (AC +1)


Message History

The killer bee zombie is almost destroyed.
The killer bee zombie closely misses you.
The killer bee zombie hits you!
* * * LOW HITPOINT WARNING * * *
You barely miss the killer bee zombie.
The killer bee zombie is almost destroyed.
The killer bee zombie hits you!
* * * LOW HITPOINT WARNING * * *
You hit the killer bee zombie.
The killer bee zombie is almost destroyed.
The killer bee zombie hits you.
* * * LOW HITPOINT WARNING * * *
The killer bee zombie hits you.
* * * LOW HITPOINT WARNING * * *
You feel better. The killer bee zombie hits you.
* * * LOW HITPOINT WARNING * * *
The killer bee zombie hits you.
* * * LOW HITPOINT WARNING * * *
You feel better. The killer bee zombie hits you.
* * * LOW HITPOINT WARNING * * *
The killer bee zombie closely misses you.
You closely miss the killer bee zombie.
The killer bee zombie is almost destroyed.
The killer bee zombie hits you.
* * * LOW HITPOINT WARNING * * *
The killer bee zombie barely misses you.
You closely miss the killer bee zombie.
The killer bee zombie is almost destroyed.
The killer bee zombie barely misses you.
You hit the killer bee zombie.
You destroy the killer bee zombie!
Casting: Scorch (safe; 1% risk of failure)
Confirm with . or Enter, or press ? or * to list all spells.
Flames lash the water moccasin zombie.
The water moccasin zombie is heavily damaged.
The water moccasin zombie's fire resistance burns away.
The water moccasin zombie bites you but does no damage.
The water moccasin zombie closely misses you.
The water moccasin zombie bites you.
You die...

...#.#...##.##...#
##...##...#.#...##
......##.)#.#'.## ..
##.....###...###....
##.........8........
###....###...###...#
###...##.'#.#††## .#
.##..##...#.#...##
.##..#...##.##.Z@#
.....#).# ...##..#
.....####.... ####
..............
#.......##..##
#.....#....
#......#.##
######...# ####


You could see a water moccasin zombie (combustible).

Vanquished Creatures
  A water moccasin (D:6)
  2 sky beasts (D:6)
  2 ice beasts
  A necrophage (D:5)
  2 phantoms (D:6)
  2 scorpions
  A wyvern skeleton (D:6)
  4 water moccasin skeletons
  2 jellies
  8 hounds
  A bullfrog skeleton (D:4)
  2 orc priests
  A gnoll shaman (D:6)
  Ijyb (D:3)
  2 iguanas (D:4)
  3 orc wizards
  A killer bee zombie (D:6)
  Robin (D:3)
  4 gnolls (D:5)
  8 adders
  A shadow imp (D:6)
  A white imp (D:5)
  A worm (D:3)
  3 dart slugs
  13 orcs
  3 endoplasms
  8 giant cockroaches
  16 goblins
  8 hobgoblins
  A quokka (D:4)
  6 ball pythons
  A bat (D:1)
  A frilled lizard (D:1)
  8 kobolds
  3 rats
123 creatures vanquished.

Vanquished Creatures (others)
  101 foxfires
101 creatures vanquished.

Grand Total: 224 creatures vanquished

Notes
Turn   | Place    | Note
-------+----------+-------------------------------------------
     0 | D:1      | Zeld the Ogre Fire Elementalist began the quest for the
                  | Orb.
     0 | D:1      | Reached XP level 1. HP: 16/16 MP: 3/3
   258 | D:1      | Reached skill level 1 in Conjurations
   333 | D:1      | Found Mefeikhlaup's Antique Weapon Emporium.
   371 | D:1      | Reached XP level 2. HP: 24/24 MP: 2/5
   700 | D:1      | HP: 1/24 [rat (1)]
   745 | D:1      | Learned a level 2 spell: Scorch
  1019 | D:1      | Found a faded altar of an unknown god.
  1174 | D:1      | Reached XP level 3. HP: 31/31 MP: 4/7
  1176 | D:1      | Reached skill level 3 in Spellcasting
  2671 | D:3      | Found a blossoming altar of Fedhas.
  2704 | D:3      | Found a radiant altar of Vehumet.
  2791 | D:3      | Reached XP level 4. HP: 39/39 MP: 1/8
  2795 | D:3      | Learned a level 3 spell: Inner Flame
  3247 | D:3      | Noticed Robin
  3247 | D:3      | Noticed Ijyb
  3549 | D:3      | Killed Robin
  3682 | D:3      | Killed Ijyb
  3683 | D:3      | Reached XP level 5. HP: 30/45 MP: 2/10
  4000 | D:4      | Reached skill level 4 in Spellcasting
  4126 | D:4      | Reached XP level 6. HP: 43/53 MP: 5/12
  4200 | D:4      | Learned a level 4 spell: Flame Wave
  4808 | D:5      | Entered Level 5 of the Dungeon
  5183 | D:5      | Reached skill level 5 in Spellcasting
  5183 | D:5      | Reached XP level 7. HP: 46/59 MP: 3/14
  5286 | D:5      | Found Vofyqi's Weapon Shop.
  5714 | D:5      | Reached skill level 5 in Fire Magic
  6260 | D:5      | Reached skill level 6 in Spellcasting
  6260 | D:5      | Reached XP level 8. HP: 7/67 MP: 7/17
  6610 | D:5      | Identified the +0 ring mail of Ceisegad {rC+}
  7652 | D:6      | Reached skill level 7 in Spellcasting
  8068 | D:6      | HP: 3/67 [water moccasin skeleton (3)]
  8441 | D:6      | Reached XP level 9. HP: 65/74 MP: 8/20
  8566 | D:6      | HP: 1/74 [killer bee zombie (4)]
  8576 | D:6      | Slain by a water moccasin zombie

Illustrated notes

Levels and vault maps discovered:
D:1:      psy_arrival_basics, layout_loops_ring, serial_shops, shop_coins,
          ebering_ecumenical_altar_petrified
D:2:      layout_basic
D:3:      layout_rooms, mainiacjoe_overflow_catwalk_spiral,
          hangedman_decor_peaks_small, moated_statue, uniq_ijyb, uniq_robin
D:4:      layout_rooms, moated_statue
D:5:      layout_basic, serial_shops, nicolae_shop_bloodbath_and_beyond,
          serial_curves, eino_curves_01, eino_curves_01
D:6:      cheibrodos_barr_body, layout_rooms

Skill      XL: |  1  2  3  4  5  6  7  8 |
---------------+-------------------------+-----
Conjurations   | 1 2 3 4 |  4.3
Fire Magic     | 3 4 5 6 |  6.8
Dodging        | 2 3 4 |  4.5
Spellcasting   | 3 4 5 6 7 |  7.7
Stealth        | |  1.4

Action                   |  1- 3 |  4- 6 |  7- 9 || total
-------------------------+-------+-------+-------++-------
Melee: Unarmed           |    23 |       |       ||    23
       Punch             |     1 |       |       ||     1
       Dagger            |       |     9 |    61 ||    70
 Cast: Foxfire           |    48 |    27 |       ||    75
       Scorch            |    27 |    62 |    96 ||   185
  Use: Potion            |       |       |     3 ||     3
 Stab: Sleeping          |     1 |       |       ||     1
Armor: Robe              |    17 |    15 |    18 ||    50
Dodge: Dodged            |    36 |    32 |    67 ||   135
